 Dungeon Crawl Stone Soup version 0.28-a0-957-g42eb19b844 (webtiles) character file.

Game seed: 8027687685640484789

886 mcbry74 the Cleaver (level 8, -8/66 HPs)
             Began as a Hill Orc Fighter on Nov 30, 2021.
             Was a Believer of Beogh.
             Mangled by a two-headed ogre (23 damage)
             ... on level 6 of the Dungeon.
             The game lasted 00:17:57 (5521 turns).

mcbry74 the Cleaver (Hill Orc Fighter)              Turns: 5521, Time: 00:17:58

Health: -8/66      AC: 11    Str: 21    XL:     8   Next: 5%
Magic:  10/10      EV: 10    Int:  8    God:    Beogh [**....]
Gold:   234        SH:  4    Dex: 10    Spells: 7/7 levels left

rFire   . . .      SeeInvis .   a - +0 war axe
rCold   . . .      Faith    .   c - +0 buckler
rNeg    . . .      Spirit   .   o - +3 ring mail
rPois   .          Reflect  .   B - +0 helmet
rElec   .          Harm     .   (no cloak)
rCorr   .          Rampage  .   (no gloves)
Will    .....                   m - +0 pair of boots
Stlth   ..........              (no amulet)
HPRegen 0.21/turn               x - ring of flight
MPRegen 0.12/turn               (no ring)

@: mighty, flying
A: no striking features
a: Renounce Religion, Smiting


You were on level 6 of the Dungeon.
You worshipped Beogh.
Beogh was pleased with you.
You visited 1 branch of the dungeon, and saw 6 of its levels.
You also visited: Sewer.

You collected 234 gold pieces.

Inventory:

Hand Weapons
 a - a +0 war axe (weapon)
 e - a +0 mace of draining
 n - a +3 flail
 C - a +0 broad axe
Missiles
 k - 3 boomerangs (quivered)
Armour
 b - a +0 scale mail
 c - a +0 buckler (worn)
 i - a +0 helmet
 j - a +0 tower shield
 m - a +0 pair of boots (worn)
 o - a +3 ring mail (worn)
 B - a +0 helmet (worn)
Jewellery
 x - a ring of flight (left hand)
Wands
 p - a wand of polymorph (5)
Scrolls
 f - 3 scrolls of fear {unknown}
 h - 6 scrolls of identify {unknown}
 s - 2 scrolls of enchant weapon {unknown}
 v - a scroll of holy word {unknown}
 w - 2 scrolls of teleportation {unknown}
 y - 2 scrolls of vulnerability {unknown}
 A - a scroll of noise {unknown}
 E - a scroll of torment {unknown}
Potions
 g - 4 potions of curing {unknown}
 l - 2 potions of flight {unknown}
 q - 7 potions of haste {unknown}
 r - a potion of experience {unknown}
 t - 2 potions of mutation {unknown}
 u - a potion of magic {unknown}
 z - a potion of lignification {unknown}
 D - a potion of heal wounds {unknown}
 F - a potion of attraction {unknown}


   Skills:
 - Level 3.7 Fighting
 * Level 8.5(9.0) Axes
 + Level 3.5(5.7) Maces & Flails
 + Level 5.7 Armour
 - Level 3.4 Shields
 + Level 3.3 Invocations


You had 7 spell levels left.
You didn't know any spells.
Your spell library contained the following spells:

 Spells                   Type           Power      Damage    Failure   Level
 Inner Flame              Hex/Fire       0%         N/A       91%         3
 Cause Fear               Hex            0%         N/A       100%        4
 Discord                  Hex            0%         N/A       100%        8


Dungeon Overview and Level Annotations

Branches:
Dungeon (6/15)             Temple (0/1) D:4           Sewer (visited)

Altars:
Cheibriados

Shops:
D:3 :


Message History

Beogh accepts your kill.
You reach down and open the door.
There is an open door here.
You now have 234 gold pieces (gained 10).
You reach down and open the large door.
There is a large open door here.
There is a large open door here.
You reach down and open the door.
There is an open door here.
A two-headed ogre comes into view. It is wielding two +0 giant clubs.
The two-headed ogre shouts in stereo!
The two-headed ogre moves out of view.
A two-headed ogre is nearby!
You feel very mighty all of a sudden.
You see here a scroll labelled HUFAYM ANEMOMA.
You slash the two-headed ogre!
The two-headed ogre is lightly wounded.
The two-headed ogre hits you with a +0 giant club!!
The two-headed ogre misses you.
You slash the two-headed ogre!
The two-headed ogre is moderately wounded.
The two-headed ogre hits you but does no damage. x2
You slice the two-headed ogre!!
The two-headed ogre is heavily wounded.
The two-headed ogre hits you with a +0 giant club!!
The two-headed ogre hits you with a +0 giant club!
* * * LOW HITPOINT WARNING * * *
You slash the two-headed ogre!
The two-headed ogre is severely wounded.
The two-headed ogre closely misses you. You block the two-headed ogre's attack.
You hit the two-headed ogre.
The two-headed ogre is severely wounded.
You hit the two-headed ogre.
The two-headed ogre is almost dead.
The two-headed ogre barely misses you.
The two-headed ogre hits you but does no damage.
You slash the two-headed ogre!
The two-headed ogre is almost dead.
The two-headed ogre hits you with a +0 giant club!!
You die...

#. #########.
#.........
#.######## #.#
#.# #.#
...###### #.#
#....O@#######.#
#..#...........#
#.#.#########
#.#.# . #.# ##
#.# ..# #.# ##


You could see a two-headed ogre.

Vanquished Creatures
  A black bear (D:5)
  A necrophage (D:5)
  A centaur (D:6)
  A kobold brigand (Sewer)
  A scorpion (D:5)
  A water moccasin skeleton (D:5)
  A bullfrog zombie (D:6)
  A centaur zombie (D:5)
  2 hounds
  An iguana (D:5)
  A killer bee zombie (D:6)
  Robin (D:2)
  6 adders
  8 river rats
  An ufetubus (D:5)
  3 worms
  A dart slug (D:3)
  10 orcs
  9 ball pythons
  5 bats (D:1)
  2 endoplasms
  6 giant cockroaches
  19 goblins
  6 hobgoblins
  7 jackals (D:1)
  20 kobolds
  7 quokkas
  5 frilled lizards
  23 rats
151 creatures vanquished.

Notes
Turn   | Place    | Note
-------+----------+-------------------------------------------
     0 | D:1      | mcbry74 the Hill Orc Fighter began the quest for the Orb.
     0 | D:1      | Reached XP level 1. HP: 19/19 MP: 1/1
   252 | D:1      | Reached XP level 2. HP: 20/27 MP: 2/2
   325 | D:1      | Reached skill level 3 in Axes
   516 | D:1      | Reached XP level 3. HP: 33/33 MP: 3/3
   924 | D:1      | Reached skill level 4 in Axes
  1053 | D:1      | You fall into a shaft and drop 1 floor!
  1190 | D:2      | Noticed Robin
  1208 | D:2      | Reached XP level 4. HP: 18/40 MP: 4/4
  1208 | D:2      | Killed Robin
  1531 | D:2      | Became a worshipper of Beogh the Brigand
  1924 | D:3      | Found Sasosoiw's Book Boutique.
  2248 | D:3      | Reached skill level 5 in Axes
  2517 | D:4      | Reached * piety under Beogh
  2518 | D:4      | Reached XP level 5. HP: 34/46 MP: 5/5
  2572 | D:4      | Found a glowing drain.
  2576 | Sewer    | Entered a sewer
  3069 | Sewer    | Reached skill level 1 in Maces & Flails
  3084 | Sewer    | Reached skill level 6 in Axes
  3293 | Sewer    | Reached XP level 6. HP: 45/52 MP: 6/6
  3364 | Sewer    | Reached ** piety under Beogh
  4062 | D:4      | Found a staircase to the Ecumenical Temple.
  4276 | D:5      | Entered Level 5 of the Dungeon
  4280 | D:5      | Noticed a black bear
  4280 | D:5      | Noticed a necrophage
  4289 | D:5      | Killed a black bear
  4290 | D:5      | Reached skill level 7 in Axes
  4290 | D:5      | Reached skill level 5 in Armour
  4290 | D:5      | Reached skill level 1 in Invocations
  4290 | D:5      | Reached XP level 7. HP: 58/58 MP: 6/8
  4697 | D:5      | Reached skill level 8 in Axes
  4865 | D:5      | Found a snail-covered altar of Cheibriados.
  5277 | D:6      | Reached XP level 8. HP: 38/66 MP: 10/10
  5511 | D:6      | Noticed a two-headed ogre
  5521 | D:6      | Mangled by a two-headed ogre

Illustrated notes

Levels and vault maps discovered:
D:1:      lemuel_arrival_tunnels, layout_basic, minivault_4, minivault_4,
          minmay_cupped
D:2:      layout_basic, minmay_misc_feat_x, uniq_robin
D:3:      layout_loops_corners, serial_shops, shop
D:4:      layout_loops_cross, minmay_temple_entry_trees, gup_sewer_entry_spiral,
          grunt_ministairs_15
D:5:      layout_loops_ring, cheibrodos_worm_habitat
D:6:      layout_basic, grunt_decor_clamped

Skill      XL: |  1  2  3  4  5  6  7 |
---------------+----------------------+-----
Axes           | 3 4 5 6 7 8 |  8.5
Armour         | 4 5 |  5.7
Maces & Flails | 1 2 3 |  3.5
Invocations    | 1 3 |  3.3
Fighting       | |  3.7
Shields        | |  3.4

Action                   |  1- 3 |  4- 6 |  7- 9 || total
-------------------------+-------+-------+-------++-------
Melee: War axe           |   109 |   204 |    96 ||   409
Throw: Boomerang         |       |     4 |       ||     4
Invok: Convert to Beogh  |       |     1 |       ||     1
Evoke: Wand              |       |     1 |       ||     1
  Use: Potion            |       |       |     1 ||     1
Armor: Scale mail        |   105 |     9 |       ||   114
       Ring mail         |       |    72 |    66 ||   138
Dodge: Dodged            |    91 |   114 |    54 ||   259
Block: Buckler           |    40 |    45 |    26 ||   111

Table legend: (Time is in decaauts)
 A = Elapsed time spent in this place.
 B = Non-inter-level travel time spent in this place.
 C = Inter-level travel time spent in this place.
 D = Time resting spent in this place.
 E = Time spent auto-exploring this place.
 F = Levels seen in this place.
 G = Mean time per level.
                   A        B        C        D        E       F      G
               +--------+--------+--------+--------+--------+-----+--------+
         Total |   5660 |   5616 |     44 |    823 |   3118 |   7 |  808.6 |
       Dungeon |   4504 |   4460 |     44 |    400 |   2632 |   6 |  750.7 |
         Sewer |   1156 |   1156 |      0 |    423 |    485 |   1 | 1156.0 |
               +--------+--------+--------+--------+--------+-----+--------+

Top non-repeatable levels by time:
   Sewer: 1156 daAuts
     D:1: 1086 daAuts
     D:4: 870 daAuts
     D:5: 807 daAuts
     D:3: 692 daAuts
     D:2: 638 daAuts
     D:6: 409 daAuts
